 Dungeon Crawl Stone Soup version 0.18.1-8-gdd0e5ea (webtiles) character file.

451 Gnarff the Sneak (level 7, 0/48 HPs)
             Began as an Octopode Monk on June 4, 2016.
             Was a Priest of Dithmenos.
             Slain by a centaur (9 damage)
             ... on level 5 of the Dungeon.
             The game lasted 00:33:46 (3118 turns).

Gnarff the Sneak (Octopode Monk)                    Turns: 3118, Time: 00:33:47

Health: 0/48       AC:  1    Str: 11    XL:     7   Next: 4%
Magic:  7/7        EV: 14    Int: 12    God:    Dithmenos [***...]
Gold:   205        SH:  0    Dex: 16    Spells: 0 memorised, 6 levels left

rFire  . . .     SeeInvis .       - Unarmed
rCold  . . .     Gourm    .     (no shield)
rNeg   . . .     Faith    .     (helmet restricted)
rPois  .         Spirit   .     (no amulet)
rElec  .         Dismiss  .     m - ring of sustain attributes
rCorr  .         Reflect  .     (no ring)
SustAt +         Harm     .     (no ring)
MR     .....                    (no ring)
Stlth  +++++++...               (no ring)
                                (no ring)
                                (no ring)
                                (no ring)

@: wreathed by umbra, not resistant to hostile enchantments, extremely stealthy
A: almost no armour, amphibious, 8 rings, constrict 8, camouflage 1, gelatinous
body 1
a: Shadow Step, Renounce Religion


You were on level 5 of the Dungeon.
You worshipped Dithmenos.
Dithmenos was most pleased with you.
You were not hungry.

You visited 1 branch of the dungeon, and saw 5 of its levels.

You collected 205 gold pieces.

Inventory:

Jewellery
 m - a ring of sustain attributes (left tentacle)
Scrolls
 h - 2 scrolls of remove curse
Potions
 b - a potion of berserk rage {unknown}
 d - a potion of mutation {unknown}
 e - 3 potions of degeneration {unknown}
 f - a potion of brilliance {unknown}
 n - 2 potions of curing {unknown}
 o - a potion of agility {unknown}
Comestibles
 a - 2 bread rations
 g - a fruit
 i - a beef jerky
 l - 2 meat rations


   Skills:
 + Level 4.0 Fighting
 + Level 4.4 Dodging
 + Level 6.6 Stealth
 + Level 5.4 Unarmed Combat


You had 6 spell levels left.
You didn't know any spells.

Dungeon Overview and Level Annotations

Branches:
Dungeon (5/15)
 Temple: D:4-7

Altars:
Dithmenos
Okawaru

Shops:
D:4 [


Innate Abilities, Weirdness & Mutations

You cannot wear most types of armour.
You are amphibious.
You can wear up to eight rings at the same time.
You can use your tentacles to constrict eight enemies at once.
Your skin changes colour to match your surroundings (Stealth).
Your rubbery body absorbs attacks (AC +1).


Message History

You tentacle-slap the iguana. You squeeze the iguana.
The iguana is almost dead.
You constrict the iguana, but do no damage.
The centaur misses you. The centaur skeleton barely misses you.
The centaur completely misses you. The iguana bites you.
* * * LOW HITPOINT WARNING * * *
You tentacle-slap the iguana but do no damage.
You squeeze the iguana.
You kill the iguana!
Dithmenos accepts your kill.
You have reached level 7!
The centaur skeleton closely misses you.
The centaur closely misses you.
You tentacle-slap the centaur. Your squeeze misses the centaur.
The centaur is moderately wounded.
The centaur completely misses you. The centaur skeleton barely misses you.
You closely miss the centaur.
The centaur is moderately wounded.
The centaur hits you!
You die...

#..# ...
#.?. ..
#...###.#
#...#.#.#.#
#......#.#
#......#.#
#..Z†c...#
#..@...#####
##.(>.......
##.(..####
###.## #.#
#.# .# #.#
##.## #.# #
#.# #...
...# # #.#
#..# #..###


You could see a centaur and a centaur skeleton.

Vanquished Creatures
  A sky beast (D:4)
  Blork the orc (D:4)
  An orc priest (D:4)
  A giant frog skeleton (D:4)
  An orc wizard (D:4)
  An iguana (D:5)
  7 adders
  2 adder skeletons (D:4)
  5 worms
  5 dart slugs
  A giant gecko (D:3)
  8 orcs
  10 giant cockroaches
  6 hobgoblins
  3 jackals (D:1)
  4 quokkas
  2 ball pythons
  8 bats
  A giant gecko skeleton (D:4)
  4 giant newts
  8 goblins
  7 rats
  2 fungi (D:1)
89 creatures vanquished.

Notes
Turn   | Place    | Note
--------------------------------------------------------------
     0 | D:1      | Gnarff the Octopode Monk began the quest for the Orb.
     0 | D:1      | Reached XP level 1. HP: 16/16 MP: 1/1
   118 | D:1      | Reached XP level 2. HP: 18/21 MP: 2/2
   522 | D:1      | Reached XP level 3. HP: 26/26 MP: 3/3
   538 | D:1      | Reached skill level 3 in Stealth
  1057 | D:2      | Reached XP level 4. HP: 20/31 MP: 4/4
  1563 | D:2      | Found a faded altar to an unknown god.
  1579 | D:2      | Became a worshipper of Dithmenos the Shadowed
  1579 | D:2      | Reached * piety under Dithmenos
  1579 | D:2      | Reached ** piety under Dithmenos
  1677 | D:3      | Found an iron altar of Okawaru.
  1763 | D:3      | Reached skill level 4 in Stealth
  1933 | D:3      | Reached XP level 5. HP: 12/36 MP: 5/5
  2249 | D:4      | Noticed Blork the orc
  2256 | D:4      | Killed Blork the orc
  2256 | D:4      | Reached skill level 5 in Unarmed Combat
  2278 | D:4      | Reached *** piety under Dithmenos
  2374 | D:4      | Found Vintewor's Antique Armour Shop.
  2381 | D:4      | Reached skill level 5 in Stealth
  2563 | D:4      | Reached XP level 6. HP: 43/43 MP: 6/6
  2620 | D:4      | Noticed a sky beast
  3026 | D:4      | Killed a sky beast
  3026 | D:4      | Reached skill level 6 in Stealth
  3050 | D:5      | Entered Level 5 of the Dungeon
  3116 | D:5      | Reached XP level 7. HP: 9/48 MP: 7/7
  3118 | D:5      | Slain by a centaur

Skill      XL: |  1  2  3  4  5  6 |
---------------+-------------------+-----
Stealth        | 3 4 5 6 |  6.6
Unarmed Combat | 5 |  5.4
Dodging        | 4 |  4.4
Fighting       | 4 |  4.0

Action                   |  1- 3 |  4- 6 |  7- 9 || total
-------------------------+-------+-------+-------++-------
Melee: Unarmed           |    67 |   133 |     2 ||   202
       Constrict         |    21 |    31 |       ||    52
       Tentacles         |    15 |    24 |       ||    39
       Punch             |     4 |     5 |       ||     9
  Use: Scroll            |     4 |     5 |       ||     9
       Potion            |       |     1 |       ||     1
 Stab: Sleeping          |    16 |    21 |       ||    37
  Eat: Fruit             |       |     6 |       ||     6
       Pizza             |       |     1 |       ||     1
Armor: Skin              |     2 |     2 |       ||     4
Dodge: Dodged            |    16 |    87 |     4 ||   107
